cohdb
Replays
Latest Replays
All Replays
Popular Replays
Top Player Replays
Match Explorer
How It Works
Community
CoH3 Stats
Reddit
Sign in to upload your games and track your stats! →
Sign in with Steam
Match 41253714
Unlisted
Match 41253714
Overview
Messages
Build Orders
End
Selects Airborne Battlegroup
Selects Pathfinders
Pathfinder Squad
Construct Barracks
Pathfinder Squad
M1 Mortar Team
Mechanized Support Center
Selects Paratrooper Squad Paradrop
Paratrooper Squad Paradrop
Paratrooper Squad Paradrop
Paratrooper Squad Paradrop
Construct Tank Depot
Selects Recon Loiter
Engineer Squad
Selects Supply Drop
M4A1 Sherman Medium Tank
Supply Drop
Selects Anti-tank Gun Team Paradrop
M4A1 Sherman Medium Tank
Paratrooper Squad Paradrop
M4A1 76mm Conversion
Designate Forward Repair Station
Improvised Armor
M4A1(76) Sherman Medium Tank
Selects Carpet Bombing Run
M4A1(76) Sherman Medium Tank
Supply Drop
Salvage Crew
Recon Loiter
Carpet Bombing Run
Anti-tank Gun Team Paradrop
Supply Drop
Recon Loiter
Carpet Bombing Run
ManFrau
ElakeFisk
Cyone
Ректальный клинч
homig
kerem
schuperman
Hatsune Miku
0
0
Comments
sign in to comment!
No comments posted yet!